 Dungeon Crawl Stone Soup version 0.21-a0-522-ga8338f0 (webtiles) character file.

37752 DogShitOnMyToe the Carver (level 13, -5/72 HPs)
             Began as a Vine Stalker Fighter on Dec 7, 2017.
             Was the Champion of Okawaru.
             Slain by a six-headed hydra (7 damage)
             ... on level 1 of the Lair of Beasts.
             The game lasted 00:33:52 (12630 turns).

DogShitOnMyToe the Carver (Vine Stalker Fighter)   Turns: 12630, Time: 00:33:53

Health: -5/72      AC: 19    Str: 21    XL:     13   Next: 98%
Magic:  0/17       EV:  6    Int: 11    God:    Okawaru [******]
Gold:   936        SH:  0    Dex: 19    Spells: 12/12 levels left

rFire    + . .     SeeInvis .   L - +1 great sword (flame)
rCold    . . .     Gourm    .   (shield currently unavailable)
rNeg     . . .     Faith    .   k - +0 plate armour
rPois    .         Spirit   +   A - +0 hat {Int+3}
rElec    .         Reflect  .   a - +0 cloak
rCorr    .         Harm     .   T - +0 pair of gloves of the Bulwark {rF+ Stlth+}
MR       +++..                  B - +0 pair of boots
Stlth    ..........             J - amulet of regeneration
HPRegen  1.42/turn              y - ring of protection from magic
MPRegen  0.15/turn              j - ring of stealth

@: no status effects
A: fangs 3, horns 1, rugged brown scales 1, magic resistance 1, regeneration 2,
strong 1, magic shield, antimagic bite, no potion heal 3, rot immunity
a: Heroism, Finesse, Renounce Religion


You were on level 1 of the Lair of Beasts.
You worshipped Okawaru.
Okawaru was exalted by your worship.
You were near starving.

You visited 2 branches of the dungeon, and saw 14 of its levels.
You also visited: Ice Cave.

You collected 936 gold pieces.

Inventory:

Hand Weapons
 u - the +7 falchion of the Saviour {drain, +Inv SInv}
   (You found it on level 4 of the Dungeon)

   A truly terrible weapon, it drains the life of those it strikes.
   It lets you see invisible.
   It lets you turn invisible.
 L - a +1 great sword of flaming (weapon)
 X - the +9 battleaxe "Veilu" {elec, Int+7, unknown}
   (You found it in an ice cave)

   Occasionally, upon striking a foe, it will discharge some electrical energy
   and cause terrible harm.
   It affects your intelligence (+7).
Armour
 a - a +0 cloak (worn)
 c - a +0 shield
 k - a +0 plate armour (worn)
 s - a +2 buckler of protection
 A - a +0 hat of intelligence (worn)
 B - a +0 pair of boots (worn)
 T - the +0 pair of gloves of the Bulwark (worn) {rF+ Stlth+}
   (Okawaru gifted it to you on level 12 of the Dungeon)

   It protects you from fire.
   It makes you more stealthy.
 V - a +0 large shield
 W - the +2 scale mail of the Seven Emperors {rPois Str+7 Slay-6 SInv}
   (Okawaru gifted it to you in an ice cave)

   It affects your strength (+7).
   It affects your accuracy and damage with ranged weapons and melee attacks
   (-6).
   It protects you from poison.
   It lets you see invisible.
Jewellery
 d - an uncursed ring of ice
 j - a ring of stealth (right hand)
 y - a ring of protection from magic (left hand)
 J - an amulet of regeneration (around neck)
 S - an uncursed ring of protection from magic
Wands
 e - a wand of random effects (65)
 m - a wand of enslavement (15)
 o - a wand of iceblast (29)
 x - a wand of paralysis (12)
 C - a wand of disintegration (30)
 U - a wand of digging (8)
Scrolls
 b - 3 scrolls of remove curse
 h - a scroll of fog {unknown}
 i - a scroll of enchant armour
 l - 4 scrolls of teleportation
 r - 4 scrolls of identify
 D - a scroll of summoning {unknown}
 E - a scroll of amnesia
 F - 2 scrolls of enchant weapon
 G - a scroll of vulnerability {unknown}
 I - a scroll of immolation {unknown}
 Q - a scroll of holy word
 R - a scroll of fear {unknown}
Potions
 n - 8 potions of curing
 p - a potion of cancellation
 q - a potion of mutation
 w - 4 potions of lignification
 z - a potion of invisibility
 H - a potion of degeneration {unknown}
 M - 3 potions of flight {unknown}
 N - 2 potions of might
Books
 K - a book of Battle

   Spells                             Type                      Level
   a - Infusion                       Charms                       1
   b - Shroud of Golubria             Charms/Translocation         2
   c - Song of Slaying                Charms                       2
   d - Spectral Weapon                Hexes/Charms                 3
   e - Regeneration                   Charms/Necromancy            3
 O - a book of Callings

   Spells                             Type                      Level
   a - Summon Small Mammal            Summoning                    1
   b - Call Imp                       Summoning                    2
   c - Call Canine Familiar           Summoning                    3
   d - Summon Guardian Golem          Hexes/Summoning              3
   e - Summon Lightning Spire         Summoning/Air                4
   f - Summon Ice Beast               Ice/Summoning                4
 P - the Handbook of Necromancy
   (You found it on level 11 of the Dungeon)

   Spells                             Type                      Level
   a - Animate Skeleton               Necromancy                   1
   b - Pain                           Necromancy                   1
   c - Corpse Rot                     Necromancy                   2
   d - Regeneration                   Charms/Necromancy            3
   e - Animate Dead                   Necromancy                   4
   f - Control Undead                 Necromancy                   4
   g - Bolt of Draining               Conjuration/Necromancy       5
Miscellaneous
 Y - a phantom mirror
Comestibles
 f - 11 bread rations
 g - 6 meat rations
 t - 7 royal jellies
 v - 8 fruits


   Skills:
 + Level 9.6 Fighting
 - Level 14.2 Long Blades
 + Level 8.8 Armour
 + Level 9.6 Shields
 - Level 4.4 Invocations


You had 12 spell levels left.
You didn't know any spells.

Dungeon Overview and Level Annotations

Branches:
Dungeon (13/15)            Temple (0/1) D:7            Lair (1/6) D:11
    Orc (0/2) D:12         Vaults (0/5) D:13

Altars:
Gozag
Hepliaklqana
Kikubaaqudgha
Makhleb
Okawaru
Qazlal
Ru
Trog
Wu Jian
Xom
Yredelemnul

Shops:
D:9 :((*[   D:10 [   D:13 ?

Annotations:
D:5 2 runed doors


Innate Abilities, Weirdness & Mutations

You have razor-sharp teeth.
You heal very quickly.
When hurt, damage is shared between your health and your magic reserves.
Your bite disrupts and absorbs the magic of your enemies.
Potions cannot restore your health.
You are immune to rotting.
You have a pair of small horns on your head.
You are partially covered in rugged brown scales. (AC +1, +3% HP)
You are resistant to hostile enchantments. (MR+)
Your muscles are strong. (Str +2)


Message History

Unknown command.
Unknown command.
Unknown command.
You hack one of the seven-headed hydra's heads off!
The flame cauterises the wound!
You slash the six-headed hydra! You burn the six-headed hydra.
The six-headed hydra is severely wounded.
The hippogriff bites you but does no damage.
The hippogriff pecks you but does no damage.
The hippogriff claws you but does no damage.
The porcupine bites you but does no damage.
The six-headed hydra bites you!
* * * LOW HITPOINT WARNING * * *
The six-headed hydra bites you but does no damage.
The six-headed hydra bites you!
* * * LOW HITPOINT WARNING * * *
The six-headed hydra bites you.
* * * LOW HITPOINT WARNING * * *
The six-headed hydra bites you!
You die...

###### ##.#.D#.........
#..... ##.##.##.../.....
#....###..##.###........
####....##......###.......>
..#.............#..........
...............##..........
#..........##..#........H..
...............D...........
.......%.......r@..........
...............H........
..................(.....
...<....................
........................
........................
...(....................
........................
...............


You could see a six-headed hydra, a hippogriff and a porcupine.

Vanquished Creatures
  Gastronok (D:9)
  A frost giant (IceCv)
  2 slime creatures (D:13)
  8 vault guards (D:13)
  9 two-headed ogres
  A centaur warrior (D:13)
  A tengu warrior (D:13)
  4 unseen horrors
  Pikel (D:7)
  An ugly thing (D:11)
  A cyclops (D:7)
  Maurice (D:9)
  A manticore (D:11)
  An ice statue (IceCv)
  2 gargoyles (D:12)
  A spiny frog (Lair:1)
  A komodo dragon (D:13)
  A tengu conjurer (D:13)
  3 trolls
  14 polar bears (IceCv)
  The ghost of TheHza the Insei, an amateur DsMo (D:5)
  A meliai zombie (D:13)
  2 wyverns (D:11)
  2 wraiths
  A human (D:7)
  12 yaks (IceCv)
  4 hogs (D:7)
  A steam dragon (D:11)
  The ghost of belial007 the Chopper, an amateur DsBe of Trog (D:3)
  Eustachio (D:5)
  4 vampire mosquitoes (D:11)
  An acid dragon (D:11)
  A soldier ant (shapeshifter) (D:13)
  4 soldier ants (D:5)
  2 water moccasins
  Duvessa (D:5)
  2 ice beasts
  2 orc warriors (D:12)
  4 sky beasts
  A slave (D:7)
  A necrophage (D:6)
  An eye of draining (D:13)
  4 ogres
  4 phantoms
  8 wolves (IceCv)
  10 centaurs
  3 crocodiles (D:11)
  5 bullfrogs
  A wyvern zombie (D:13)
  Dowan (D:5)
  A wyvern skeleton (D:7)
  5 scorpions
  13 wights
  2 crimson imps
  A bullfrog zombie (D:6)
  3 centaur zombies
  5 hounds
  5 jellies
  5 bullfrog skeletons
  13 orc wizards
  A quasit (D:7)
  2 orc priests
  2 centaur skeletons
  An iguana (D:9)
  Jessica (D:2)
  2 gnoll shamans
  Ijyb (D:5)
  10 worker ants
  A hound skeleton (D:6)
  2 howler monkey zombies
  5 gnolls
  14 adders
  3 shadow imps
  12 white imps (D:13)
  2 oozes (D:1)
  6 worms
  5 dart slugs
  4 leopard geckos
  39 orcs
  6 giant cockroaches
  7 goblins
  5 hobgoblins
  19 jackals
  8 quokkas
  A ball python (D:6)
  6 bats
  4 frilled lizards (D:2)
  6 kobolds
  A leopard gecko skeleton (D:8)
  4 quokka skeletons
  A quokka zombie (D:6)
  14 rats
389 creatures vanquished.

Vanquished Creatures (others)
  A scorpion (D:6)
  A crimson imp (D:6)
  A worker ant (D:6)
  An adder (D:6)
4 creatures vanquished.

Grand Total: 393 creatures vanquished

Notes
Turn   | Place    | Note
-------+----------+-------------------------------------------
     0 | D:1      | DogShitOnMyToe the Vine Stalker Fighter began the quest for the Orb.
     0 | D:1      | Reached XP level 1. HP: 11/11 MP: 2/2
    30 | D:1      | Reached skill level 2 in Long Blades
    77 | D:1      | Reached XP level 2. HP: 15/16 MP: 3/3
   135 | D:1      | Reached skill level 3 in Long Blades
   135 | D:1      | Reached XP level 3. HP: 17/19 MP: 4/4
   765 | D:2      | HP: 8/19 [worm (2)]
   766 | D:2      | HP: 3/19 [worm (5)]
  1226 | D:2      | Noticed Jessica
  1233 | D:2      | Killed Jessica
  1233 | D:2      | Reached skill level 4 in Long Blades
  1233 | D:2      | Gained mutation: Your natural rate of healing is unusually fast. [Vine Stalker growth]
  1233 | D:2      | Reached XP level 4. HP: 19/23 MP: 5/5
  1622 | D:2      | Reached XP level 5. HP: 27/27 MP: 6/6
  1807 | D:2      | Noticed a moth of wrath
  1810 | D:2      | Found a bloodstained altar of Trog.
  2021 | D:3      | Reached skill level 5 in Long Blades
  2289 | D:3      | Noticed belial007's ghost (amateur DsBe)
  2289 | D:3      | belial007's ghost turns its malevolent gaze towards you.
  2303 | D:3      | HP: 8/27 [belial007's ghost (9)]
  2468 | D:3      | belial007's ghost turns its malevolent gaze towards you.
  2475 | D:3      | Killed belial007's ghost
  2475 | D:3      | Reached skill level 6 in Long Blades
  2475 | D:3      | Reached XP level 6. HP: 19/32 MP: 4/7
  2629 | D:4      | Identified a book of Changes
  2922 | D:4      | Found a sacrificial altar of Ru.
  3176 | D:4      | Got a dazzling falchion
  3208 | D:4      | Identified the +7 falchion of the Saviour {drain, +Inv SInv} (You found it on level 4 of the Dungeon)
  3245 | D:4      | Found a stormy altar of Qazlal.
  3424 | D:5      | Entered Level 5 of the Dungeon
  3424 | D:5      | Noticed Ijyb
  3429 | D:5      | Reached XP level 7. HP: 32/35 MP: 8/8
  3453 | D:5      | Killed Ijyb
  3453 | D:5      | Reached skill level 7 in Long Blades
  3462 | D:5      | Found a burning altar of Makhleb.
  3518 | D:5      | HP: 15/35 [acid (6)]
  3608 | D:5      | Noticed Eustachio
  3615 | D:5      | Killed Eustachio
  3624 | D:5      | Noticed Dowan
  3637 | D:5      | Noticed TheHza's ghost (amateur DsMo)
  3637 | D:5      | TheHza's ghost turns its malevolent gaze towards you.
  3656 | D:5      | HP: 16/35 [TheHza's ghost (3)]
  3830 | D:6      | Reached skill level 8 in Long Blades
  3830 | D:6      | Gained mutation: You have razor-sharp teeth. [Vine Stalker growth]
  3830 | D:6      | Reached XP level 8. HP: 39/39 MP: 9/9
  4026 | D:6      | Found a shimmering altar of Xom.
  4397 | D:5      | Noticed Duvessa
  4408 | D:5      | Killed Duvessa
  4408 | D:5      | Reached skill level 9 in Long Blades
  4415 | D:5      | Killed Dowan
  4434 | D:5      | Found a runed gate.
  4434 | D:5      | Found a runed gate.
  4435 | D:5      | Found a runed gate.
  4511 | D:5      | Found a hazy altar of Hepliaklqana.
  4567 | D:5      | Identified a book of Necromancy
  4619 | D:5      | Found a runed door.
  4629 | D:5      | Found the +9 staff of Olgreb {rPois}
  4632 | D:5      | Found a runed door.
  4692 | D:5      | Killed TheHza's ghost
  4692 | D:5      | Reached skill level 10 in Long Blades
  4692 | D:5      | Reached XP level 9. HP: 43/43 MP: 10/10
  4733 | D:5      | Reached skill level 11 in Long Blades
  4750 | D:5      | HP: 21/43 [poisoned by a soldier ant]
  4755 | D:5      | HP: 20/43 [poisoned by a soldier ant]
  4760 | D:5      | HP: 20/43 [poisoned by a soldier ant]
  4765 | D:5      | HP: 21/43 [poisoned by a soldier ant]
  5083 | D:7      | Noticed Pikel
  5097 | D:7      | Killed Pikel
  5157 | D:7      | Reached skill level 12 in Long Blades
  5187 | D:7      | Found an iron altar of Okawaru.
  5241 | D:7      | Became a worshipper of Warmaster Okawaru
  5270 | D:7      | Noticed a cyclops
  5282 | D:7      | Killed a cyclops
  5282 | D:7      | Reached skill level 2 in Invocations
  5282 | D:7      | Reached XP level 10. HP: 38/47 MP: 10/12
  5439 | D:7      | Found an ancient bone altar of Kikubaaqudgha.
  5461 | D:7      | Reached skill level 3 in Invocations
  5527 | D:7      | Found a staircase to the Ecumenical Temple.
  5749 | D:7      | Reached * piety under Okawaru
  5755 | D:7      | Reached skill level 4 in Invocations
  5865 | D:8      | Noticed a two-headed ogre
  5882 | D:8      | Killed a two-headed ogre
  5882 | D:8      | Reached ** piety under Okawaru
  5882 | D:8      | Reached skill level 13 in Long Blades
  5915 | D:8      | Identified a book of Misfortune
  5947 | D:8      | Found an opulent altar of Gozag.
  6270 | D:8      | Noticed a two-headed ogre
  6278 | D:8      | Killed a two-headed ogre
  6278 | D:8      | Reached *** piety under Okawaru
  6489 | D:8      | HP: 20/47 [orc priest/divine providence (10)]
  6497 | D:8      | HP: 20/47 [orc priest/hand axe (3)]
  7027 | D:9      | Reached XP level 11. HP: 46/51 MP: 12/15
  7033 | D:9      | Found a basalt altar of Yredelemnul.
  7074 | D:9      | Found Donudot's Antique Weapon Shop.
  7075 | D:9      | Noticed a two-headed ogre
  7092 | D:9      | Killed a two-headed ogre
  7092 | D:9      | Reached skill level 14 in Long Blades
  7101 | D:9      | Found Qygiul's Assorted Antiques.
  7148 | D:9      | Noticed Maurice
  7159 | D:9      | Killed Maurice
  7247 | D:9      | Reached skill level 3 in Fighting
  7247 | D:9      | Reached skill level 3 in Shields
  7337 | D:9      | Found Pofenewe's Book Shop.
  7357 | D:9      | Found an ornate altar of the Wu Jian Council.
  7587 | D:9      | Noticed Gastronok
  7610 | D:9      | Gained mutation: You are partially covered in iridescent scales. (AC +2) [potion of mutation]
  7610 | D:9      | Gained mutation: You are dopey. (Int -2) [potion of mutation]
  7610 | D:9      | Gained mutation: Your flesh is cold resistant. (rC+) [potion of mutation]
  7634 | D:9      | Killed Gastronok
  7634 | D:9      | Reached **** piety under Okawaru
  7634 | D:9      | Reached skill level 4 in Fighting
  7634 | D:9      | Reached skill level 3 in Armour
  7634 | D:9      | Reached skill level 4 in Shields
  7693 | D:9      | Found Qapp's Armour Boutique.
  7694 | D:9      | Reached ***** piety under Okawaru
  7824 | D:9      | Found Woahiag's Weapon Shop.
  7878 | D:10     | Entered Level 10 of the Dungeon
  8035 | D:10     | Found Femoteur's Armour Boutique.
  8046 | D:10     | Noticed an unseen horror
  8060 | D:10     | Killed an unseen horror
  8060 | D:10     | Reached skill level 4 in Armour
  8066 | D:10     | Noticed an unseen horror
  8074 | D:10     | Killed an unseen horror
  8291 | D:10     | Identified a book of Cantrips
  8683 | D:11     | Identified a book of Battle
  8764 | D:11     | Noticed a green ugly thing
  8785 | D:11     | Killed a green ugly thing
  8785 | D:11     | Received a gift from Okawaru
  8785 | D:11     | Reached skill level 5 in Fighting
  8785 | D:11     | Reached skill level 5 in Shields
  8943 | D:11     | Gained mutation: You heal very quickly. [Vine Stalker growth]
  8943 | D:11     | Reached XP level 12. HP: 59/60 MP: 16/16
  9002 | D:11     | Identified a book of Callings
  9017 | D:11     | You fall through a shaft!
  9032 | D:12     | Reached skill level 5 in Armour
  9074 | D:12     | HP: 29/60 [gargoyle/stone arrow (14)]
  9400 | D:11     | Identified the Handbook of Necromancy
  9403 | D:11     | Noticed a two-headed ogre
  9423 | D:11     | Killed a two-headed ogre
  9423 | D:11     | Reached skill level 6 in Fighting
  9423 | D:11     | Reached skill level 6 in Shields
  9588 | D:11     | Found a staircase to the Lair.
  9843 | D:12     | Found a staircase to the Orcish Mines.
  9917 | D:12     | Noticed a two-headed ogre
  9923 | D:12     | Killed a two-headed ogre
  9923 | D:12     | Received a gift from Okawaru
  9926 | D:12     | Got a pair of slimy gloves {god gift}
  9932 | D:12     | Identified the +0 pair of gloves of the Bulwark {rF+ Stlth+} (Okawaru gifted it to you on level 12 of the Dungeon)
 10018 | D:12     | Noticed a two-headed ogre
 10025 | D:12     | HP: 30/62 [two-headed ogre/giant spiked club (9)]
 10065 | D:12     | Killed a two-headed ogre
 10065 | D:12     | Reached skill level 6 in Armour
 10661 | D:13     | Noticed a two-headed ogre
 10668 | D:13     | Killed a two-headed ogre
 10668 | D:13     | Reached skill level 7 in Fighting
 10668 | D:13     | Reached skill level 7 in Shields
 10742 | D:13     | Noticed a vault guard
 10745 | D:13     | Noticed a vault guard
 10764 | D:13     | Killed a vault guard
 10777 | D:13     | Killed a vault guard
 10784 | D:13     | Noticed a vault guard
 10798 | D:13     | Killed a vault guard
 10802 | D:13     | Reached ****** piety under Okawaru
 10824 | D:13     | Reached skill level 7 in Armour
 10830 | D:13     | Reached XP level 13. HP: 61/68 MP: 13/17
 10859 | D:13     | Noticed a vault guard
 10873 | D:13     | Noticed a vault guard
 10879 | D:13     | Killed a vault guard
 10900 | D:13     | Killed a vault guard
 10900 | D:13     | Reached skill level 8 in Fighting
 10900 | D:13     | Reached skill level 8 in Shields
 10923 | D:13     | Found a gate to the Vaults.
 10935 | D:13     | Noticed a vault guard
 10942 | D:13     | Killed a vault guard
 10968 | D:13     | Noticed a vault guard
 10991 | D:13     | Killed a vault guard
 11096 | D:13     | Found Zepsux's Magic Scroll Boutique.
 11140 | D:13     | Found a frozen archway.
 11182 | IceCv    | Entered an ice cave
 11685 | IceCv    | Received a gift from Okawaru
 11694 | IceCv    | Got a shimmering scale mail {god gift}
 11695 | IceCv    | Identified the +2 scale mail of the Seven Emperors {rPois Str+7 Slay-6 SInv} (Okawaru gifted it to you in an ice cave)
 11708 | IceCv    | Reached skill level 8 in Armour
 11810 | IceCv    | Noticed a frost giant
 11834 | IceCv    | Reached skill level 9 in Fighting
 11834 | IceCv    | Reached skill level 9 in Shields
 11841 | IceCv    | HP: 32/70 [frost giant/bolt of cold (9)]
 11842 | IceCv    | Lost mutation: You are dopey. (Int -2) [potion of mutation]
 11842 | IceCv    | Lost mutation: Your flesh is cold resistant. (rC+) [potion of mutation]
 11842 | IceCv    | Lost mutation: You are partially covered in iridescent scales. (AC +2) [potion of mutation]
 11842 | IceCv    | Gained mutation: You passively map a small area around you. [potion of mutation]
 11842 | IceCv    | Gained mutation: Your mind is acute. (Int +2) [potion of mutation]
 11842 | IceCv    | HP: 13/70 [frost giant/bolt of cold (21)]
 11843 | IceCv    | HP: 4/70 [frost giant/battleaxe of freezing (3)]
 11846 | IceCv    | Killed a frost giant
 11904 | IceCv    | Lost mutation: You passively map a small area around you. [potion of mutation]
 11904 | IceCv    | Lost mutation: Your mind is acute. (Int +2) [potion of mutation]
 11904 | IceCv    | Gained mutation: You tend to lose your temper in combat. [potion of mutation]
 11904 | IceCv    | Gained mutation: You have sharp toenails. [potion of mutation]
 11904 | IceCv    | Gained mutation: You have a pair of small antennae on your head. [potion of mutation]
 11905 | IceCv    | Lost mutation: You have a pair of small antennae on your head. [potion of mutation]
 11905 | IceCv    | Lost mutation: You have sharp toenails. [potion of mutation]
 11905 | IceCv    | Gained mutation: Your muscles are strong. (Str +2) [potion of mutation]
 11905 | IceCv    | Gained mutation: You are resistant to hostile enchantments. (MR+) [potion of mutation]
 11905 | IceCv    | Gained mutation: Your mind is acute. (Int +2) [potion of mutation]
 11905 | IceCv    | Gained mutation: You are partially covered in rugged brown scales. (AC +1, +3% HP) [potion of mutation]
 11906 | IceCv    | Lost mutation: You tend to lose your temper in combat. [potion of mutation]
 11906 | IceCv    | Lost mutation: You are resistant to hostile enchantments. (MR+) [potion of mutation]
 11906 | IceCv    | Lost mutation: Your mind is acute. (Int +2) [potion of mutation]
 11906 | IceCv    | Gained mutation: You are resistant to hostile enchantments. (MR+) [potion of mutation]
 11906 | IceCv    | Gained mutation: You have a pair of small horns on your head. [potion of mutation]
 11969 | IceCv    | Got a dazzling battleaxe
 12408 | D:13     | Noticed a vault guard
 12421 | D:13     | Killed a vault guard
 12571 | Lair:1   | Entered Level 1 of the Lair of Beasts
 12628 | Lair:1   | HP: 34/72 [porcupine (4)]
 12629 | Lair:1   | HP: 16/72 [seven-headed hydra (5)]
 12630 | Lair:1   | HP: 3/72 [six-headed hydra (8)]
 12630 | Lair:1   | Slain by a six-headed hydra

Vault maps used:
D:1:      dpeg_arrival_ratfight
D:2:      st_stairs_12, tgw_trog, uniq_jessica
D:3:      st_stairs_5, kennysheep_generic_room_7
D:4:      nicolae_ru_sacrificial_ziggurat, nicolae_qazlal_eye_of_the_storm,
          first_bread, nrook_mini_vaults
D:5:      lemuel_doored_altar, bloody_makhleb,
          minmay_guarded_unrand_staff_of_olgreb, uniq_duvessa, uniq_eustachio,
          uniq_ijyb
D:6:      xom_confusion_cloud, kennysheep_generic_room_12
D:7:      marbit_many_paths, kiku_gazebo_pond_becter, minmay_temple_entry_mist,
          grunt_livestock, uniq_pikel
D:8:      nicolae_gozag_seed_capital
D:9:      kennysheep_little_box, serial_shops, kennysheep_mini_moat,
          shop_statue, shop, shop, nicolae_shop_waterfront,
          yredelemnul_altar_generic, uniq_maurice, uniq_gastronok
D:10:     serial_shops, nicolae_shop_window_shopping,
          minmay_misc_feat_secret_circle
D:11:     erik_lair_dragon
D:12:     orc_david_3, hangedman_abyss_or_decor_lesser_grid
D:13:     erik_vaults_2, serial_shops, nicolae_shop_crystal,
          portal_ice_cave_entry_imps
Lair:1:   beast_lair_carwin_8, minmay_lair_oklob_chamber, uniq_joseph
IceCv:    ice_cave_small_giant

Skill      XL: |  1  2  3  4  5  6  7  8  9 10 11 12 13 |
---------------+----------------------------------------+-----
Long Blades    | 2 3 4 6 8 10 12 13 14 | 14.2
Invocations    | 2 4 |  4.4
Fighting       | 5 7 9 |  9.6
Shields        | 5 7 9 |  9.6
Armour         | 4 7 8 |  8.8

Action                   |  1- 3 |  4- 6 |  7- 9 | 10-12 | 13-15 || total
-------------------------+-------+-------+-------+-------+-------++-------
Melee: Long sword        |    78 |   187 |       |       |       ||   265
       Bite              |    28 |    66 |    76 |   237 |   200 ||   607
       Falchion          |       |     4 |   184 |   620 |   429 ||  1237
       Headbutt          |       |       |       |       |    23 ||    23
       Great sword       |       |       |       |       |     4 ||     4
Invok: Heroism           |       |       |       |     2 |     2 ||     4
Evoke: Wand              |       |       |       |       |     3 ||     3
  Use: Scroll            |       |     6 |     1 |     5 |     3 ||    15
       Potion            |       |     1 |     3 |     1 |     5 ||    10
 Stab: Sleeping          |       |       |     1 |       |       ||     1
  Eat: Chunk             |     1 |     7 |     6 |    18 |     5 ||    37
Armor: Scale mail        |    32 |    73 |    21 |       |       ||   126
       Plate armour      |       |       |    13 |   247 |   226 ||   486
Dodge: Dodged            |    20 |    42 |    35 |   104 |    91 ||   292
Block: Shield            |    26 |    75 |       |       |       ||   101
       Buckler           |       |    17 |    39 |   169 |   129 ||   354
       Rpst.: Long sword |     6 |    10 |       |       |       ||    16
       Falchion          |       |     1 |    17 |    26 |    19 ||    63

Table legend:
 A = Spawn XP
 B = Non-spawn XP
 C = Spawn XP percentage of total XP
 D = Spawn monster count
 E = Non-spawn monster count
 F = Spawn count percentage of total count
 G = Total turns spent on level
                    A         B        C        D         E        F      G
               +---------+---------+-------+---------+---------+-------+---------
         Total |       0 |   53932 |   0.0 |       0 |     388 |   0.0 | 12630
               +---------+---------+-------+---------+---------+-------+---------
           D:1 |       0 |      57 |   0.0 |       0 |      20 |   0.0 |   893
           D:2 |       0 |     129 |   0.0 |       0 |      33 |   0.0 |  1159
           D:3 |       0 |     271 |   0.0 |       0 |      24 |   0.0 |   488
           D:4 |       0 |     210 |   0.0 |       0 |      19 |   0.0 |   898
           D:5 |       0 |    2049 |   0.0 |       0 |      27 |   0.0 |   765
           D:6 |       0 |     553 |   0.0 |       0 |      21 |   0.0 |   810
           D:7 |       0 |    2969 |   0.0 |       0 |      20 |   0.0 |   852
           D:8 |       0 |    2743 |   0.0 |       0 |      29 |   0.0 |  1108
           D:9 |       0 |    4832 |   0.0 |       0 |      24 |   0.0 |   905
          D:10 |       0 |    2245 |   0.0 |       0 |      18 |   0.0 |   792
          D:11 |       0 |    5598 |   0.0 |       0 |      34 |   0.0 |   867
          D:12 |       0 |    4673 |   0.0 |       0 |      32 |   0.0 |  1199
          D:13 |       0 |   17320 |   0.0 |       0 |      49 |   0.0 |   942
        Lair:1 |       0 |     531 |   0.0 |       0 |       2 |   0.0 |    59
         IceCv |       0 |    9752 |   0.0 |       0 |      36 |   0.0 |   893
               +---------+---------+-------+---------+---------+-------+---------
